Cogmind - Beta 14 @@@ ROGUE MODE // 2025.03.31 @ 15:28:31 Player: Arc Result: Destroyed by G-34 Mercenary with Small Laser Performance ------------- Evolutions (1) 500 Regions Visited (3) 600 Robots Destroyed (35) 175 Value Destroyed (684) 684 Prototype IDs (0) 0 Alien Tech Used (0) 0 Bonus (60) 60 TOTAL SCORE: 2019 Bonus ------- Follower Combat Kills 60 Cogmind --------- Core Integrity 0/400 Matter 298/300 Energy 100/100 System Corruption 0% Temperature Cool (6) Movement Core (350) Ox6 Location -9/Materials Parts ------- > --- POWER (1) -------- (None) > --- PROPULSION (2) --- (None) > --- UTILITY (3) ------ Large Storage Unit Power Shielding > --- WEAPON (3) ------- (None) > --- INVENTORY (15) --- Ion Engine Light Ion Engine Heavy Ion Engine Heavy Ion Engine Heavy Ion Engine Heavy Ion Engine Light Treads Aluminum Leg Large Storage Unit Improved Terrain Scanner Peak State ------------ > --- POWER ------------ Ion Engine > --- PROPULSION ------- Light Treads Light Treads > --- UTILITY ---------- Large Storage Unit Power Shielding Improved Weapon Shielding > --- WEAPON ----------- Beam Rifle Particle Gun Grenade Launcher > --- INVENTORY -------- Ion Engine Light Ion Engine Heavy Ion Engine Heavy Ion Engine Heavy Ion Engine Heavy Ion Engine Light Treads Aluminum Leg Wheel Wheel Large Storage Unit Improved Terrain Scanner [Rating: 15] Favorites ----------- Power Ion Engine Engine Ion Engine Propulsion Light Treads Treads Light Treads Wheel Wheel Utility Power Shielding Storage Large Storage Unit Protection Power Shielding Weapon Beam Rifle Energy Gun Beam Rifle Ballistic Gun Light Assault Rifle Launcher Grenade Launcher Build | -11 -10 -10 -9 ------- Run | Yrd Mat Min Mat Slots Evolved 2 | . . . 2 Power . | . . . . Propulsion . | . . . . Utility 1 | . . . 1 Weapon 1 | . . . 1 Parts Attached 29 | 6 14 5 4 Power 2 | 1 1 . . Engine 2 | 1 1 . . Core . | . . . . Reactor . | . . . . Propulsion 5 | 2 . 1 2 Treads 3 | 2 . 1 . Leg . | . . . . Wheel 2 | . . . 2 Hover . | . . . . Flight . | . . . . Utility 5 | 1 3 . 1 Device . | . . . . Storage 3 | 1 2 . . Processor . | . . . . Hackware . | . . . . Protection 2 | . 1 . 1 Artifact . | . . . . Weapon 17 | 2 10 4 1 Energy Gun 9 | 1 6 2 . Energy Cannon . | . . . . Ballistic Gun 2 | 1 . 1 . Ballistic Cannon . | . . . . Launcher 6 | . 4 1 1 Special Weapon . | . . . . Impact Weapon . | . . . . Slashing Weapon . | . . . . Piercing Weapon . | . . . . Special Melee Weapon . | . . . . Unidentified Prototypes . | . . . . Parts Lost 13 | . 2 2 9 Power 2 | . 1 . 1 Propulsion 5 | . . 1 4 Utility 1 | . . . 1 Weapon 5 | . 1 1 3 Highest Loss Streak 9 | . 1 2 9 To Critical Strikes . | . . . . Average Slot Usage (%) 97 | . 99 99 80 Engine 13 | . 13 14 9 Treads 26 | . 28 27 12 Storage 13 | . 14 14 11 Protection 14 | . 13 14 17 Energy Gun 25 | . 23 26 16 Ballistic Gun 1 | . 2 1 . Launcher 1 | . 2 . 7 Peak Build Rating 15 | 6 10 11 15 Average Rating 9 | 4 8 10 11 On Entrance 6 | . 6 10 11 Naked Turns . | . . . . Heaviest Build 37 | 13 31 32 37 Greatest Support 40 | 40 40 40 40 Greatest Overweight (x) 6 | 1 . 1 6 Average Overweight (x) . | . . . 1 Largest Inventory Capacity 15 | 8 15 15 15 Average Capacity 12 | 7 8 15 15 Most Carried 14 | 8 14 14 14 Average Carried 10 | 5 8 12 11 Final Capacity 15 | 8 15 15 15 Final Carried 14 | 6 14 13 10 Class Distribution -------------------- 97% | Mutant Dominant Class ---------------- Mutant | -10/Materials Mutant | -10/Mines Mutant | -9/Materials Resources | -11 -10 -10 -9 ----------- Run | Yrd Mat Min Mat Matter Collected 613 | 273 234 106 . Remotely . | . . . . Salvage Created 1021 | 163 626 221 11 Parts 65 | 9 38 14 4 Haulers Intercepted 1 | . 1 . . Recyclers Shooed 2 | 1 1 . . Parts Field Recycled . | . . . . Retrieved Matter . | . . . . Parts Self-Destructed . | . . . . Prevented . | . . . . Kills | -11 -10 -10 -9 ------- Run | Yrd Mat Min Mat Combat Hostiles Destroyed 24 | . 17 5 2 Guns 9 | . 6 3 . AOE 15 | . 11 2 2 Classes Destroyed 9 | 3 5 1 . Worker 2 | 1 . 1 . Builder 1 | . . 1 . Tunneler 2 | 2 . . . Hauler 1 | . 1 . . Recycler 3 | 1 1 1 . Operator 1 | . 1 . . Watcher 1 | . 1 . . Swarmer 11 | . 6 3 2 Grunt 13 | . 11 2 . Best Kill Streak 5 | 2 5 3 2 Combat Bots Only 5 | . 5 3 2 Max Kills in Single Turn 3 | 1 3 2 2 Gunslinging . | . . . . Exploded 3 | . 3 2 2 Melee . | . . . . Uniques/NPCs Destroyed . | . . . . Combat | -11 -10 -10 -9 -------- Run | Yrd Mat Min Mat Hostile Shots Fired 188 | . 61 27 100 Missed 51 | . 20 8 23 Damage Taken 1764 | . 467 235 1062 Core 528 | . 67 54 407 Absorbed by Shields . | . . . . Redirected to Shielding 152 | . 25 1 126 Core Remaining (%) 75 | 100 . 51 . Volleys Fired 95 | 13 44 24 14 Largest 2 | 2 2 2 2 Hottest 121 | 60 96 121 121 Shots Fired 173 | 26 80 40 27 Gun 164 | 26 74 38 26 Cannon . | . . . . Launcher 9 | . 6 2 1 Special . | . . . . Kinetic 24 | 13 6 5 . Thermal 80 | . 25 29 26 Explosive 9 | . 6 2 1 Electromagnetic 60 | 13 43 4 . Robot Hit Streak 14 | 14 8 7 5 Robot Miss Streak 4 | 1 4 2 2 Penetration Max . | . . . . Secondary Targets . | . . . . Shots Hit Robots 102 | 17 41 26 18 Core Hits 52 | 8 30 12 2 Critical Kills . | . . . . Critical Parts Destroyed . | . . . . Critical Strikes 7 | . 2 4 1 Burn 5 | . . 4 1 Corrupt 2 | . 2 . . Melee Attacks . | . . . . Impact . | . . . . Slashing . | . . . . Piercing . | . . . . Sneak Attacks . | . . . . Combat Hostiles . | . . . . Follow-up Attacks . | . . . . Damage Inflicted 1918 | 208 1070 412 228 Guns 1210 | 208 538 312 152 Cannons . | . . . . Explosions 657 | . 528 56 73 Melee . | . . . . Ramming 51 | . 4 44 3 Kinetic 143 | 58 30 55 . Thermal 731 | . 364 215 152 Explosive 483 | . 354 56 73 Electromagnetic 510 | 150 318 42 . Impact . | . . . . Slashing . | . . . . Piercing . | . . . . Highest Corruption . | . . . . Average Corruption . | . . . . Corruption Purged . | . . . . Corruption Blocked . | . . . . Overload Shots . | . . . . Overflow Damage 38 | . 28 . 10 Projectiles . | . . . . Explosions 38 | . 28 . 10 Melee . | . . . . Knockbacks . | . . . . Impact . | . . . . Kinetic . | . . . . Secondary . | . . . . Self-Inflicted Damage 1 | . . . 1 Shots . | . . . . Rammed 10 | . 1 8 1 Targets Rammed 11 | . 1 9 1 Kicked . | . . . . Crushed 1 | . . 1 . Highest Temperature 588 | 40 408 390 588 Average Temperature 158 | 18 117 173 271 Received Heat Transfer 789 | . 222 129 438 Effects 13 | . 2 2 9 Shutdowns 4 | . 1 1 2 Energy Bleed 1 | . . . 1 Matter Decay 1 | . 1 . . Short Circuit 2 | . . 1 1 Damage (minor) 1 | . . . 1 Damage (major) 2 | . . . 2 Damage (core) 2 | . . . 2 Siege Activations . | . . . . Robots Corrupted . | . . . . Combat Hostiles . | . . . . Parts Fried . | . . . . Impact Corruptions . | . . . . Robots Melted . | . . . . Combat Hostiles . | . . . . Parts Melted 2 | . . 2 . Heat Transferred 2076 | . 781 851 444 Parts Sabotaged . | . . . . Parts Stolen . | . . . . Parts Stripped . | . . . . Power Chain Reactions 3 | . 3 . . Alert | -11 -10 -10 -9 ------- Run | Yrd Mat Min Mat Peak Influence 394 | 20 394 220 74 Initial 104 | . 13 104 1 Average 84 | 6 186 47 16 Maximum Alert Level 1 | . 1 1 . Low Security (%) 83 | 100 52 94 100 Level 1 16 | . 47 5 . Level 2 . | . . . . Level 3 . | . . . . Level 4 . | . . . . Level 5 . | . . . . High Security . | . . . . Max Security . | . . . . Squads Dispatched 4 | . 3 . 1 Investigation 1 | . 1 . . Extermination . | . . . . Reinforcement 3 | . 2 . 1 Assault . | . . . . Garrison . | . . . . Intercept . | . . . . Searches Triggered . | . . . . Construction Impeded . | . . . . Haulers Reinforced . | . . . . Active Scanning Responses . | . . . . Cargo Convoy Interrupts . | . . . . Stealth | -11 -10 -10 -9 --------- Run | Yrd Mat Min Mat Distress Signals 4 | . 3 . 1 Communications Jammed . | . . . . Distress Signals . | . . . . Times Spotted 47 | . 25 7 15 Peak Tracking Total 11 | . 4 3 11 Tactical Retreats 1 | . 1 . . Traps | -11 -10 -10 -9 ------- Run | Yrd Mat Min Mat Traps Triggered . | . . . . Indirectly . | . . . . Trap Hack Attempts . | . . . . Triggered . | . . . . Disarmed . | . . . . Reprogrammed . | . . . . Reused . | . . . . Traps Extracted . | . . . . Installed . | . . . . Triggered 1 | . 1 . . Machines | -11 -10 -10 -9 ---------- Run | Yrd Mat Min Mat Machines Disabled 2 | . 1 . 1 Max in Single Turn 1 | . 1 . 1 Machines Repaired . | . . . . Machines Dismantled . | . . . . Machines Sabotaged . | . . . . Overloaded Fab Kills . | . . . . Hacking | -11 -10 -10 -9 --------- Run | Yrd Mat Min Mat Machines Accessed 6 | . 5 1 . Terminals 5 | . 4 1 . Fabricators . | . . . . Repair Stations . | . . . . Recycling Units 1 | . 1 . . Scanalyzers . | . . . . Garrison Access . | . . . . Total Hacks 16 | . 12 4 . Successful 6 | . 6 . . Failed 10 | . 6 4 . Catastrophic 1 | . . 1 . Database Lockouts . | . . . . Manual . | . . . . Terminals 15 | . 11 4 . Fabricators . | . . . . Repair Stations . | . . . . Recycling Units 1 | . 1 . . Scanalyzers . | . . . . Garrison Access . | . . . . Terminal Hacks 5 | . 5 . . Record 3 | . 3 . . Branch Access Points 1 | . 1 . . Locate Traps 1 | . 1 . . Fabricator Hacks . | . . . . Repair Station Hacks . | . . . . Recycling Unit Hacks 1 | . 1 . . Report Inventory 1 | . 1 . . Scanalyzer . | . . . . Garrison Access Hacks . | . . . . Unauthorized Hacks . | . . . . Terminals . | . . . . Fabricators . | . . . . Repair Stations . | . . . . Recycling Units . | . . . . Scanalyzers . | . . . . Garrison Access . | . . . . Data Cores Recovered . | . . . . Used . | . . . . Hacking Detections 5 | . 4 1 . Full Trace Events 1 | . 1 . . Feedback Events . | . . . . Feedback Blocked . | . . . . Robot Schematics Acquired . | . . . . Robots Built . | . . . . Authchips . | . . . . Time . | . . . . Total Robot Build Rating . | . . . . Part Schematics Acquired . | . . . . Parts Built . | . . . . Authchips . | . . . . Time . | . . . . Total Part Build Rating . | . . . . Parts Repaired . | . . . . Time . | . . . . Parts Recycled . | . . . . Recycled Matter . | . . . . Retrieved Matter . | . . . . Retrieved Components . | . . . . Parts Scanalyzed . | . . . . Part Schematics Acquired . | . . . . Parts Damaged . | . . . . Bothacking | -11 -10 -10 -9 ------------ Run | Yrd Mat Min Mat Used RIF Installer . | . . . . Robots Hacked . | . . . . Non-combat . | . . . . Combat . | . . . . Robot Hacks Applied . | . . . . Relay Couplers Released . | . . . . Fabnet Peak Effective % . | . . . . Robots Rewired . | . . . . Allies Hacked . | . . . . Hacks Repelled . | . . . . Allies | -11 -10 -10 -9 -------- Run | Yrd Mat Min Mat Total Allies 2 | . . 2 . Largest Group 2 | . . 2 2 Highest-Rated Group 38 | . . 38 38 Highest-Rated Ally 31 | . . 31 31 Total Orders . | . . . . Ally Attacks 11 | . . 9 2 Total Damage 125 | . . 104 21 Kills 2 | . . 2 . Allies Corrupted . | . . . . Allies Melted . | . . . . Intel | -11 -10 -10 -9 ------- Run | Yrd Mat Min Mat Robot Analysis Total . | . . . . Derelict Logs Recovered 1 | . . 1 . Drone Launches . | . . . . Drone Recoveries . | . . . . Exploration | -11 -10 -10 -9 ------------- Run | Yrd Mat Min Mat Turns Passed 3105 | 180 918 1822 185 Spaces Moved 1708 | 90 466 1048 104 Core 28 | 27 . . 1 Treads 1616 | 63 466 1048 39 Legs . | . . . . Wheels 64 | . . . 64 Hover . | . . . . Flight . | . . . . Fastest Speed 50 | 50 160 160 95 Average Speed 159 | 139 160 163 131 Slowest Speed 350 | 160 160 240 350 Overloaded Moves . | . . . . Propulsion Burnouts . | . . . . Robots Hopped . | . . . . Cave-ins Triggered . | . . . . Exploration Rate (%) 50 | 5 76 101 18 Regions Visited 3 Branch Regions 1 Pre-discovered Areas . | . . . . Known Exits Taken 1 | . 1 . . Unknown Exits Taken 2 | 1 . 1 . Scrap Searched 1 | . . 1 . Spaces Dug . | . . . . Terrain Destroyed 60 | . 41 11 8 Melee . | . . . . Projectile . | . . . . AOE 60 | . 41 11 8 Terrain Rammed . | . . . . Walls Destroyed . | . . . . Machines Disabled . | . . . . Actions | -11 -10 -10 -9 --------- Run | Yrd Mat Min Mat Total 1918 | 121 557 1115 125 Wait 39 | 1 10 27 1 Move 1705 | 89 465 1047 104 Hop . | . . . . Pick Up 32 | 12 17 2 1 Fast Attach . | . . . . Attach 16 | 6 3 3 4 Detach . | . . . . Swap 13 | . 11 2 . Drop 7 | . 6 1 . Fire 95 | 13 44 24 14 Melee . | . . . . Ram 1 | . . . 1 Kick . | . . . . Crush 10 | . 1 9 . Escape Stasis . | . . . . Rewire . | . . . . Trap . | . . . . Miscellaneous . | . . . . Route ------- -11/Scrapyard -10/Materials (discovered 3 exits: [*Mat x2] / *Min) -10/Mines (discovered 3 exits: [*Mat x2] / [*Sub]) -9/Materials (discovered 3 exits: Mat x3) History --------- Turn | Location | Event 20 | -11/Scrapyard | Discovered new exit (range 16) 181 | -11/Scrapyard | Entered Materials 308 | -10/Materials | Build established: Mutant 420 | -10/Materials | Discovered new exit (range 16) 798 | -10/Materials | Discovered new exit (range 10) 812 | -10/Materials | Identified exit to Mines 1099 | -10/Materials | Entered Mines 1659 | -10/Mines | Discovered new exit (range 10) 1864 | -10/Mines | Discovered new exit (range 7) 1933 | -10/Mines | Learned 8 Materials zone layouts 2197 | -10/Mines | Discovered new exit (range 9) 2921 | -10/Mines | Entered Materials 2921 | -9/Materials | Accompanied by 2 allies 2921 | -9/Materials | Evolved 2 slots: Utility x1, Weapon x1 2922 | -9/Materials | Identified exit to Materials 2926 | -9/Materials | Led the pair of lost Derelicts to an unsafe place 3052 | -9/Materials | Core integrity fell below 50% 3091 | -9/Materials | Core integrity fell below 20% 3106 | -9/Materials | Destroyed by G-34 Mercenary with Small Laser Last Messages --------------- Critical hit (Burn: +37). U-05 Engineer builds a Wall. Wheel destroyed. K-01 Serf collects debris. U-05 Engineer lays Concrete. K-01 Serf collects debris. K-01 Serf cleans the Terminal. K-01 Serf collects debris. Ion Engine destroyed. K-01 Serf cleans the Terminal. K-01 Serf collects debris. K-01 Serf cleans the Terminal. K-01 Serf collects debris. K-01 Serf cleans the Terminal. Slammed into K-01 Serf. Broken Particle Gun destroyed. ALERT: Hostiles spotted, dispatching reinforcements to Terminal M001. S-10 Pest destroyed. Wheel destroyed. Map ----- +----------------------------------------------------+ | ######## #?????????????????# #???????? | | #?????????????????# #???????? | | #?????????????????# #???????? | | %* #?????????????????# """ """ #???????? | | # """ #?????????????????# """ """ #???????? | | # """ #??????????????????# """ """ #???????? | | # """ #########??????????###########???????? | | # ! # #????????????????????????????? | | # " #????????????????????????????? | | + # #????????????????????????????? | | # ##########???????????????????????????? | | # #### #??????????????????????###??? | | # "T" #?????????????????????## #### | | + """ #?????????????????????# | | #+####### #?????????????????????# " | | ????????### #### #????????########?????# " | | ??????#####/##### ##????????# #?????# " | | ??????# # #?????????# #?????# | | ??????# [#= #?????????# """ #?????# " " | | ??????# *+% #?????????# """ #?????# T " | | ??????# # #?????????# """ #?????# " " | | ??????# # #?????????# #?????# | | ??????# # ##############+#############+# | | ??????# #aggg | | ??????# # g g | | ??????########### @ g o | | ????????????????#######################+########## | | ???????????????????????????????## #??? | | ???????????????????????????????# ""#??? | | ???????????????????????????????## """ """ Y"#??? | | ????????????????????????????????# """ """ ""#??? | | ????????????????????????????????# """ """ #??? | | ????????????????????????????????# #??? | | ????????????????????????????????###############??? | | | | | | | | | | | | | | | | | | | | | | | | | | | | | | | | | +----------------------------------------------------+ Best States ------------- Heat Dissipation 28 Energy Generation 10 Energy Capacity 250 Matter Stores 300 Matter Capacity 300 Sight Range 16 Terrain Scan Density 10 Power Shielding 33 Weapon Shielding 66 Evasion (%) 41 Recoil Reduction 2 Item Schematics ----------------- None Robot Schematics ------------------ None Fabricated ------------ Nothing Alien Tech Used ----------------- None Achievements -------------- None Challenges ------------ None Game ------ Seed FissionBiocellFlakker Manual? 0 Play Time 00:30:27 Cumulative 14.1 hours Start 2025.03.31 @ 14:28:48 End 2025.03.31 @ 15:28:31 Sessions 1 Manual Loads 0 Difficulty Rogue Special Mode None Game No. 20 Rogue 20 Adventurer 0 Explorer 0 Win Type - Total 0 Types 0/0/0/0/0/0/0/0/0 Lore% 8 Gallery% 14 Achievement% 15 Wizard Run 0 Options --------- Layout 1 ASCII 0 Keyboard 0 Movement Numpad Keybinds 0 Fullscreen 1 Font 16/SmallcapsGlow Map View 55x38 Zoom Use 0% Tactical HUD 0 Map Filters NONE Filters NONE Steam 1 RUN: abfe4704-aaba-42cb-8965-ffedd9a0b3f0